 Dungeon Crawl Stone Soup version 0.29-a0-275-g389c0b56f3 (webtiles) character file.

Game seed: 12877528640802697471

60 kae the Ruffian (level 3, -8/29 HPs)
             Began as a Draconian Transmuter on Mar 12, 2022.
             Mangled by an orc
             ... wielding a +0 flail
              (14 damage)
             ... on level 3 of the Dungeon.
             The game lasted 00:02:00 (2875 turns).

kae the Ruffian (Draconian Transmuter)              Turns: 2875, Time: 00:02:00

Health: -8/29      AC:  5    Str: 18    XL:     3   Next: 80%
Magic:  6/6        EV: 12    Int: 15    God:
Gold:   80         SH:  0    Dex: 11    Spells: 2/6 levels left

rFire   . . .      SeeInvis .     - Unarmed
rCold   . . .      Faith    .   (no shield)
rNeg    . . .      Spirit   .   (body armour unavailable)
rPois   .          Reflect  .   (helmet restricted)
rElec   .          Harm     .   (no cloak)
rCorr   .          Rampage  .   (no gloves)
Will    .....                   (no boots)
Stlth   +.........              (no amulet)
HPRegen 0.09/turn               d - +6 ring of strength
MPRegen 0.10/turn               (no ring)

@: no status effects
A: AC +5, unfitting armour, cold-blooded
a: no special abilities


You were on level 3 of the Dungeon.
You visited 1 branch of the dungeon, and saw 3 of its levels.

You collected 80 gold pieces.

Inventory:

Jewellery
 d - a +6 ring of strength (left hand)
Scrolls
 b - a scroll of magic mapping {unknown}
 c - 3 scrolls of identify
 f - a scroll of vulnerability
 h - a scroll of acquirement {unknown}
 j - 2 scrolls of silence {unknown}
 k - a scroll of fog {unknown}
 l - a scroll of torment {unknown}
 m - a scroll of enchant armour {unknown}
Potions
 a - a potion of lignification
 e - 2 potions of curing
 g - a potion of degeneration {unknown}
 i - a potion of mutation {unknown}


   Skills:
 + Level 1.7 Fighting
 + Level 2.1 Dodging
 * Level 3.6 Unarmed Combat
 + Level 2.3 Spellcasting
 * Level 2.5 Transmutations
 * Level 0.9 Poison Magic


You had 2 spell levels left.
You knew the following spells:

 Your Spells              Type           Power      Damage    Failure   Level
a - Beastly Appendage     Tmut           18%        N/A       8%          1
b - Spider Form           Tmut/Pois      7%         N/A       30%         3

Your spell library contained the following spells:

 Spells                   Type           Power      Damage    Failure   Level
 Wereblood                Tmut           9%         N/A       11%         2
 Ice Form                 Ice/Tmut       5%         N/A       77%         4


Dungeon Overview and Level Annotations

Branches:
Dungeon (3/15)

Altars:


Innate Abilities, Weirdness & Mutations

Your plain brown scales are hard. (AC +5)
You cannot fit into any form of body armour.
You are cold-blooded and may be slowed by cold attacks.


Message History

The orc throws a boomerang.
The boomerang closely misses you.
There are monsters nearby!
The orc shouts! x2
An orc comes into view. It is wielding a +0 flail.
The orc shouts!
The orc closely misses you.
There are monsters nearby!
You hit the orc but do no damage. You hit the orc.
The orc is moderately wounded.
There are monsters nearby!
There are monsters nearby!
You barely miss the orc.
The orc is moderately wounded.
The orc closely misses you. The orc hits you but does no damage.
You punch the orc!
You kill the orc!
The orc misses you. The orc hits you with a +0 club.
There are monsters nearby!
You closely miss the orc.
The orc drinks a potion.
The orc seems to grow stronger.
The orc hits you with a +0 whip. The orc hits you but does no damage.
You barely miss the orc. The orc hits you but does no damage.
The orc barely misses you. The orc closely misses you.
You hit the orc. You tail-slap the orc.
The orc is heavily wounded.
The orc hits you with a +0 flail. The orc hits you with a +0 whip.
The orc hits you but does no damage.
You hit the orc but do no damage.
Your tail-slap misses the orc.
The orc is heavily wounded.
The orc hits you but does no damage. The orc hits you with a +0 flail!
The orc hits you but does no damage.
Unknown command.
The orc attacks as you move away! The orc hits you but does no damage.
The orc throws a boomerang.
The boomerang barely misses you. The orc hits you with a +0 flail!
* * * LOW HITPOINT WARNING * * *
The orc attacks as you move away! The orc hits you but does no damage.
The orc attacks as you move away! The orc hits you with a +0 flail!
You die...

.........................##..
#............##########.####
#............# #.....
##...)........# #....8
##...........).##########.)...
#.........................####
#...................########..
#.........o.o.......# #.>
###.........o@......# #..
#############.....# ###
#.....# #.....# #.....#
#.....# #.....# #.....#
#.#####


You could see 3 orcs.

Vanquished Creatures
  A gnoll (D:1)
  An adder (D:3)
  A worm (D:2)
  A dart slug (D:1)
  2 orcs (D:3)
  5 endoplasms
  6 hobgoblins
  2 jackals (D:2)
  3 kobolds
  A quokka (D:2)
  3 ball pythons
  4 bats
  A frilled lizard (D:1)
  2 rats (D:1)
33 creatures vanquished.

Vanquished Creatures (others)
  6 plants (D:1)
6 creatures vanquished.

Grand Total: 39 creatures vanquished

Notes
Turn   | Place    | Note
-------+----------+-------------------------------------------
     0 | D:1      | kae the Draconian Transmuter began the quest for the Orb.
     0 | D:1      | Reached XP level 1. HP: 16/16 MP: 3/3
   629 | D:1      | Reached XP level 2. HP: 23/23 MP: 5/5
   833 | D:1      | Found a faded altar of an unknown god.
  1275 | D:2      | Reached XP level 3. HP: 28/28 MP: 4/6
  1279 | D:2      | Learned a level 3 spell: Spider Form
  2875 | D:3      | Mangled by an orc

Illustrated notes

Levels and vault maps discovered:
D:1:      mrwooster_arrival_statue_3, layout_basic, serial_forest,
          infiniplex_forest_lined_3, infiniplex_forest_lined_2,
          infiniplex_forest_end_3, infiniplex_forest_clump_large,
          infiniplex_forest_clump_long, infiniplex_forest_clump_medium,
          infiniplex_forest_clump_long, ebering_ecumenical_altar_rust
D:2:      layout_loops_corners
D:3:      layout_basic, minmay_misc_feat_doors, nicolae_elevator_lobby_plus

Skill      XL: |  1  2 |
---------------+-------+-----
Dodging        | 2 |  2.1
Fighting       | |  1.7
Unarmed Combat | |  3.6
Spellcasting   | |  2.3
Transmutations | |  2.5
Poison Magic   | |  0.9

Action                   || total
-------------------------++-------
Melee: Unarmed           ||   138
       Kick              ||    10
       Headbutt          ||     4
       Tailslap          ||    17
       Punch             ||     2
 Cast: Beastly Appendage ||    26
  Use: Scroll            ||     3
Armor: Skin              ||    48
Dodge: Dodged            ||    67

Table legend: (Time is in decaauts)
 A = Elapsed time spent in this place.
 B = Non-inter-level travel time spent in this place.
 C = Inter-level travel time spent in this place.
 D = Time resting spent in this place.
 E = Time spent auto-exploring this place.
 F = Levels seen in this place.
 G = Mean time per level.
                   A        B        C        D        E       F      G
               +--------+--------+--------+--------+--------+-----+--------+
         Total |   2869 |   2800 |     69 |      0 |   2451 |   3 |  956.3 |
       Dungeon |   2869 |   2800 |     69 |      0 |   2451 |   3 |  956.3 |
               +--------+--------+--------+--------+--------+-----+--------+

Top non-repeatable levels by time:
     D:1: 1158 daAuts
     D:2: 1118 daAuts
     D:3: 592 daAuts
